 Dungeon Crawl Stone Soup version 0.30-a0-651-g0755cc6dcf (webtiles) character file.

Game seed: 12612268069813106074

604595 Citaku the Axe Maniac (level 26, -6/266 HPs)
             Began as a Minotaur Fighter on Jan 17, 2023.
             Was an Initiate of Gozag.
             Mangled by an Orb Guardian (42 damage)
             ... on level 5 of the Realm of Zot.
             The game lasted 02:21:43 (66553 turns).

Citaku the Axe Maniac (Minotaur Fighter)           Turns: 66553, Time: 02:21:43

Health: -6/266     AC: 46    Str: 33      XL:     26   Next: 6%
Magic:  5/19       EV: 17    Int:  6 (7)  God:    Gozag
Gold:   4021       SH:  0    Dex: 14      Spells: 25/25 levels left

rFire   + + +      SeeInvis +    I - +9 broad axe (spect)
rCold   + + .      Faith    .    e - +5 kite shield
rNeg    . . .      Spirit   .    n - +12 gold dragon scales
rPois   +          Reflect  +    (helmet restricted)
rElec   .          Harm     .    E - scarf {repulsion}
rCorr   +          Rampage  .    m - +3 pair of gauntlets of War {Slay+5}
Will    ++...      Rnd*Tele +    z - +2 pair of boots of Cowardice {rPois Dex+3 SInv} Stlth
                                 f - amulet of Ducvuf {Reflect rF+ Regen+ SH+5}
HPRegen 1.44/turn                Q - ring "Cipil" {Contam rC+ rCorr AC+4 Str+7}
MPRegen 0.16/turn                L - ring of Learoikk {rPois rF+ Will+ SInv Stlth+}

@: confused, about to teleport, ambrosia-drunk, repel missiles
A: horns 2, retaliatory headbutt, clumsy 1, deformed body, low MP 1,
teleportitis 1, weak 1, wild magic 2
}: 4/15 runes: decaying, slimy, silver, gossamer
a: Renounce Religion, Potion Petition, Call Merchant, Bribe Branch


You were on level 5 of the Realm of Zot.
You worshipped Gozag.
Gozag was most pleased with you.
You visited 11 branches of the dungeon, and saw 52 of its levels.
You visited the Abyss 1 time.
You also visited: Bailey, Gauntlet and Volcano.

You collected 27129 gold pieces.
You spent 7519 gold pieces at shops.
You paid 15589 gold pieces to Gozag.

Inventory:

Hand Weapons
 I - a +9 spectral broad axe (weapon)
Missiles
 h - a throwing net
 s - 10 silver javelins
 x - 9 silver boomerangs
Armour
 e - a +5 kite shield (worn)
 m - the +3 pair of gauntlets of War (worn) {Slay+5}
   (You found it in a Gauntlet)

   Slay:      It affects your accuracy & damage with ranged weapons and melee
   (+5).
 n - +12 gold dragon scales (worn)
 z - the +2 pair of boots of Cowardice (worn) {rPois Dex+3 SInv}
   (You bought it in a shop on level 2 of the Orcish Mines)

   Dex:       It affects your dexterity (+3).
   rPois:     It protects you from poison.
   SInv:      It lets you see invisible.
 E - a scarf of repulsion (worn)
 W - a +2 hat of see invisible
Jewellery
 f - the amulet of Ducvuf (around neck) {Reflect rF+ Regen+ SH+5}
   (You found it on level 5 of the Vaults)

   [amulet of reflection]

   It reflects blocked missile attacks.
   rF:        It protects you from fire.
   Regen:     It increases your rate of health regeneration.
   SH:        It affects your SH (+5).
 L - the ring of Learoikk (right hand) {rPois rF+ Will+ SInv Stlth+}
   (You found it in a Gauntlet)

   [ring of see invisible]

   rF:        It protects you from fire.
   rPois:     It protects you from poison.
   SInv:      It lets you see invisible.
   Will:      It increases your willpower.
   Stlth:     It makes you more stealthy.
 Q - the ring "Cipil" (left hand) {Contam rC+ rCorr AC+4 Str+7}
   (You bought it in a shop on level 15 of the Dungeon)

   [ring of protection]

   AC:        It affects your AC (+4).
   Str:       It affects your strength (+7).
   rC:        It protects you from cold.
   Contam:    It causes magical contamination when unequipped.
   rCorr:     It protects you from acid and corrosion.
Wands
 G - a wand of digging (12)
 O - a wand of flame (18)
Scrolls
 b - 5 scrolls of poison
 g - a scroll of silence
 j - 5 scrolls of noise
 k - 6 scrolls of immolation
 r - 3 scrolls of amnesia
 t - 6 scrolls of fear
 v - 45 scrolls of identify
 y - 5 scrolls of fog
 D - a scroll of enchant armour
 H - 5 scrolls of enchant weapon
 R - 7 scrolls of brand weapon
 X - 15 scrolls of teleportation
Potions
 a - 3 potions of mutation
 c - 10 potions of ambrosia
 i - a potion of resistance
 p - a potion of curing
 u - 7 potions of lignification
 B - 5 potions of attraction
 C - 5 potions of flight
 M - 3 potions of brilliance
 N - 3 potions of cancellation
 Z - 2 potions of magic
Miscellaneous
 d - a box of beasts
 F - a phantom mirror (quivered)
 K - a phial of floods
 P - a condenser vane
 U - a lightning rod (4/4)
 Y - a tin of tremorstones (2/2)


   Skills:
 O Level 27 Fighting
 O Level 27 Axes
 O Level 27 Armour
 * Level 21.8 Dodging
 O Level 27 Shields


You had 25 spell levels left.
You didn't know any spells.
Your spell library contained the following spells:

 Spells                   Type           Power      Damage    Failure   Level
 Apportation              Tloc           0%         N/A       97%         1
 Beastly Appendage        Tmut           0%         N/A       97%         1
 Kiss of Death            Conj/Necr      0%         2d5       97%         1
 Magic Dart               Conj           0%         1d3       97%         1
 Necrotise                Necr           0%         1d4       97%         1
 Slow                     Hex            0%         N/A       97%         1
 Sting                    Tmut/Pois      0%         1d3       97%         1
 Summon Small Mammal      Summ           0%         N/A       97%         1
 Blink                    Tloc           0%         N/A       99%         2
 Call Imp                 Summ           0%         N/A       99%         2
 Cigotuvi's Dreadful Rot  Necr/Pois/Air  0%         N/A       99%         2
 Ensorcelled Hibernation  Hex/Ice        0%         N/A       99%         2
 Lesser Beckoning         Tloc           0%         N/A       99%         2
 Momentum Strike          Conj/Tloc      0%         3d8       99%         2
 Passwall                 Tmut/Erth      0%         N/A       99%         2
 Poisonous Vapours        Pois/Air       0%         N/A       99%         2
 Wereblood                Tmut           0%         N/A       99%         2
 Call Canine Familiar     Summ           0%         N/A       100%        3
 Confusing Touch          Hex            0%         N/A       100%        3
 Dazzling Flash           Conj/Hex       0%         N/A       100%        3
 Gell's Gravitas          Tloc           0%         N/A       100%        3
 Hailstorm                Conj/Ice       0%         3d3       100%        3
 Ignite Poison            Fire/Tmut/Pois 0%         N/A       100%        3
 Inner Flame              Hex/Fire       0%         N/A       100%        3
 Kindle Blastsparks       Fire/Tloc/Air  0%         2d10      100%        3
 Mephitic Cloud           Conj/Pois/Air  0%         N/A       100%        3
 Ozocubu's Armour         Ice            0%         N/A       100%        3
 Portal Projectile        Hex/Tloc       0%         N/A       100%        3
 Spider Form              Tmut/Pois      0%         N/A       100%        3
 Stone Arrow              Conj/Erth      0%         3d7       100%        3
 Summon Guardian Golem    Hex/Summ       0%         N/A       100%        3
 Swiftness                Air            0%         N/A       100%        3
 Teleport Other           Tloc           0%         N/A       100%        3
 Tukima's Dance           Hex            0%         N/A       100%        3
 Vampiric Draining        Necr           0%         2d6       100%        3
 Vhi's Electric Charge    Tloc/Air       0%         N/A       100%        3
 Airstrike                Air            0%         2d(0-16)  100%        4
 Anguish                  Hex/Necr       0%         N/A       100%        4
 Animate Armour           Summ/Erth      0%         N/A       100%        4
 Cause Fear               Hex            0%         N/A       100%        4
 Dispel Undead            Necr           0%         3d6       100%        4
 Flame Wave               Conj/Fire      0%         2d4       100%        4
 Fulminant Prism          Conj/Hex       0%         3d5       100%        4
 Ice Form                 Ice/Tmut       0%         N/A       100%        4
 Iskenderun's Mystic Bla  Conj/Tloc      0%         2d3       100%        4
 Leda's Liquefaction      Hex/Erth       0%         N/A       100%        4
 Olgreb's Toxic Radiance  Pois           0%         N/A       100%        4
 Passage of Golubria      Tloc           0%         N/A       100%        4
 Petrify                  Tmut/Erth      0%         N/A       100%        4
 Sticky Flame             Conj/Fire      0%         2d3       100%        4
 Summon Ice Beast         Ice/Summ       0%         N/A       100%        4
 Summon Lightning Spire   Summ/Air       0%         N/A       100%        4
 Agony                    Necr           0%         N/A       100%        5
 Alistair's Intoxication  Tmut/Pois      0%         N/A       100%        5
 Arcjolt                  Conj/Air       0%         1d10      100%        5
 Blade Hands              Tmut           0%         N/A       100%        5
 Freezing Cloud           Conj/Ice/Air   0%         6-21      100%        5
 Iskenderun's Battlesphe  Conj           0%         2d6       100%        5
 Lee's Rapid Deconstruct  Erth           0%         3d4*      100%        5
 Lightning Bolt           Conj/Air       0%         1d11      100%        5
 Metabolic Englaciation   Hex/Ice        0%         N/A       100%        5
 Silence                  Hex/Air        0%         N/A       100%        5
 Summon Mana Viper        Hex/Summ       0%         N/A       100%        5
 Yara's Violent Unravell  Hex/Tmut       0%         3d3       100%        5
 Conjure Ball Lightning   Conj/Air       0%         3x3d6     100%        6
 Iron Shot                Conj/Erth      0%         9d1       100%        6
 Starburst                Conj/Fire      0%         6d3       100%        6
 Statue Form              Tmut/Erth      0%         N/A       100%        6
 Dragon Form              Tmut           0%         N/A       100%        7
 Monstrous Menagerie      Summ           0%         N/A       100%        7
 Ozocubu's Refrigeration  Ice            0%         4d7       100%        7
 Spellforged Servitor     Conj/Summ      0%         N/A       100%        7
 Discord                  Hex            0%         N/A       100%        8
 Disjunction              Tloc           0%         N/A       100%        8
 Ignition                 Fire           0%         3d3       100%        8
 Lehudib's Crystal Spear  Conj/Erth      0%         10d2      100%        8
 Maxwell's Capacitive Co  Air            0%         ∞         100%        8
 Dragon's Call            Summ           0%         N/A       100%        9
 Polar Vortex             Ice            0%         N/A       100%        9
 Simulacrum               Ice/Necr       Unusable   N/A       N/A         6

Dungeon Overview and Level Annotations

Branches:
Dungeon (15/15)            Temple (1/1) D:4            Lair (5/5) D:9
  Swamp (4/4) Lair:3       Spider (4/4) Lair:2        Slime (5/5) Lair:4
    Orc (2/2) D:10            Elf (2/3) Orc:2        Vaults (5/5) D:14
  Crypt (0/3) Vaults:3     Depths (4/4) D:15            Zot (5/5) Depths:4
 Bailey (visited)         Volcano (visited)         Gauntlet (visited)

Altars:
Ashenzari
Cheibriados
Dithmenos
Elyvilon
Fedhas
Gozag
Hepliaklqana
Kikubaaqudgha
Makhleb
Nemelex Xobeh
Okawaru
Qazlal
Ru
Sif Muna
Trog
Uskayaw
Vehumet
Wu Jian
Xom
Yredelemnul
Zin
The Shining One
Lugonu

Shops:
D:3 ?!=*   D:6 :   D:8 (   D:12 [   D:14 *(!   D:15 ?(=[   Orc:2 *:*[
Lair:5 (*   Vaults:2 !   Vaults:4 *??   Vaults:5 (   Zot:1 *[   Depths:2 =::
Depths:4 [

Portals:
Hell: Depths:1 Depths:2 Depths:3 Depths:4
Abyss: Depths:1 Depths:3 Depths:4
Pandemonium: Depths:2
Ziggurat: Depths:4


Innate Abilities, Weirdness & Mutations

You have a pair of horns on your head.
You reflexively headbutt those who attack you in melee.
You are clumsy. (Dex -2)
Armour fits poorly on your strangely shaped body.
Your magical capacity is low. (-10% MP)
You are occasionally teleported next to monsters.
You are weak. (Str -2)
Your spells are harder to cast, but more powerful.


Message History

You block the Orb Guardian's attack.
The moth of wrath goads the Orb Guardian on!
The Orb Guardian goes berserk!
The ghost moth hits you! You block the ghost moth's attack. x2
The ancient lich gestures at you while chanting.
The crystal spear hits you!!!
* * * LOW HITPOINT WARNING * * *
You hear a roar!
You are too injured to fight recklessly!
You are too injured to fight recklessly!
As you read the scroll of teleportation, it crumbles to dust.
You feel strangely unstable.
You feel the Orb delaying your translocation!
The Orb Guardian hits you!
* * * LOW HITPOINT WARNING * * *
You block the Orb Guardian's attack.
The ancient lich touches you but does no damage.
A dread lich comes into view.
You feel better.
The dread lich shouts!
You block the Orb Guardian's attack.
The Orb Guardian hits you but does no damage.
The orb of fire glows deep purple.
Strange energies course through your body.
You feel less energetic. The ancient lich casts a spell at you.
The bolt of acid hits you!! You resist.
* * * LOW HITPOINT WARNING * * *
The Orb Guardian hits you.
* * * LOW HITPOINT WARNING * * *
The moth of wrath goads the Orb Guardian on!
The Orb Guardian goes berserk!
The ghost moth stares at you. You block the Orb Guardian's attack.
You block the ancient lich's attack.
You are confused.
You feel invigorated.
The Orb Guardian hits you but does no damage.
The Killer Klown blinks!
The Orb Guardian hits you!!!
You die...
Your body crumbles into a pile of gold.

#......^§..p.....##....##
##......).....)))...###...######
#.^.§....L.^..^....^.###........
#..§..(§^............# ##.......
#....9.........^.....# #.......
#..s......^..y.......# ##......
#.............pp.....# #......
#....§.......XL**....# ##......
#^.........9sX@....## #.......
##...........XX...## ##......(
##......^...y...## #........
################ ########. #. #.
## ####### # ##.♣⌠♣.## #


You could see 2 orbs of fire, 2 Killer Klowns, an electric golem, a tentacled
monstrosity, an emperor scorpion (berserk), an ancient lich (fast), a dread
lich, 3 Orb Guardians, a ghost moth (invisible) and a moth of wrath.

Vanquished Creatures
  the Royal Jelly (Slime:5)
  5 dread liches
  4 orbs of fire
  An ancient lich (Vaults:5)
  2 juggernauts
  The ghost of Ivui the Gargoyle Porcupine, a legendary GrMo of Okawaru (Zot:5)
  The ghost of Sausm the Sniper, a legendary KoDe of Makhleb (Zot:5)
  Parghit (Zot:2)
  Margery (Vaults:4)
  9 Killer Klowns
  A caustic shrike (Depths:3)
  4 curse toes
  11 golden dragons
  Jory (Vaults:4)
  An electric golem (Zot:5)
  A walking crystal tome (Depths:3)
  15 tentacled monstrosities
  Mlioglotl (Swamp:1)
  2 titans (Vaults:5)
  20 Orb Guardians (Zot:5)
  A walking divine tome (Depths:4)
  2 liches
  A deep elf blademaster (Elf:2)
  4 quicksilver dragons
  10 death cobs
  11 acid blobs
  Gastronok (Lair:3)
  9 tengu reavers
  7 sphinxes
  15 storm dragons
  9 draconian monks
  12 shadow dragons
  8 frost giants
  Donald (Vaults:1)
  7 draconian knights
  8 rockslimes
  9 fire giants
  5 azure jellies
  Roxanne (Swamp:1)
  13 emperor scorpions
  7 ghost moths
  3 draconian scorchers
  23 vault wardens
  2 orc warlords (Orc:1)
  6 draconian stormcallers
  4 draconian shifters
  A spriggan defender (Depths:2)
  21 very ugly things
  4 draconian annihilators
  26 ironbound preservers
  An ophan (Depths:2)
  10 quicksilver oozes
  A broodmother (Spider:3)
  14 stone giants
  4 war gargoyles
  8 green draconians
  12 ironbound thunderhulks
  10 white draconians
  18 red draconians
  A minotaur (Gauntlet)
  8 purple draconians
  2 deep elf annihilators
  3 eleionomae
  18 dire elephants
  7 black draconians
  5 deep elf demonologists
  4 spark wasps
  14 yellow draconians
  4 bunyips
  2 jiangshi (Depths:1)
  3 crystal guardians
  2 shambling mangroves
  13 ettins
  4 deep elf high priests (Vaults:5)
  5 fire dragons
  Fannar (Lair:1)
  5 entropy weavers
  13 yaktaur captains
  8 great orbs of eyes
  4 rakshasas
  12 ice dragons
  A spriggan zombie (Depths:2)
  3 peacekeepers
  29 vault guards
  2 radroaches
  2 ghost crabs
  24 hydras
  A jorogumo (Spider:4)
  7 ogre magi
  25 two-headed ogres
  8 ironbound frosthearts
  2 catoblepae
  A jorogumo (shapeshifter) (Gauntlet)
  A two-headed ogre (shapeshifter) (Depths:2)
  9 boulder beetles
  10 alligators
  7 centaur warriors
  2 spriggan air magi (Depths:2)
  13 deep troll earth magi
  8 deep troll shamans
  4 spriggan berserkers
  2 vampire magi
  25 dancing weapons
  6 death yaks
  6 tengu warriors
  A sun demon (Volcano)
  19 deep elf knights
  8 hell knights
  5 skeletal warriors (D:15)
  A shadow wraith (Vaults:5)
  3 spectral death yaks (Lair:5)
  A wretched star (Abyss:2)
  Lodul (D:14)
  10 pharaoh ants
  A goliath frog (shapeshifter) (Gauntlet)
  8 iron trolls
  An orb spider (shapeshifter) (Depths:3)
  104 deep trolls
  A swamp dragon (shapeshifter) (Vaults:4)
  A steelbarb worm (shapeshifter) (Depths:1)
  4 spriggan druids
  8 orb spiders
  10 deep elf archers
  2 glowing orange brains
  3 goliath frogs (Swamp:1)
  An orange crystal statue (Zot:5)
  A spectral anaconda (Lair:5)
  6 steelbarb worms
  11 swamp dragons
  3 flayed ghosts
  10 necromancers
  An obsidian statue (Lair:5)
  11 orc knights
  10 lindwurms
  16 ironbound convokers
  4 bog bodies
  13 wizards
  2 phantasmal warriors
  28 deep elf pyromancers
  14 deep elf zephyrmancers
  A fire giant zombie (Depths:2)
  A tengu skeleton (Depths:2)
  4 orc sorcerers
  An oklob plant (Lair:5)
  18 wolf spiders
  39 ugly things
  A will-o-the-wisp (Swamp:3)
  6 cyclopes
  3 manticores
  5 shining eyes
  A centaur zombie (D:15)
  8 eyes of devastation
  28 moths of wrath
  5 demonic crawlers
  13 elephants (Lair:5)
  6 torpor snails
  4 black mambas
  2 molten gargoyles (Volcano)
  20 vault sentinels
  A centaur skeleton (D:15)
  19 cane toads
  A dire elephant zombie (Lair:5)
  2 gargoyles
  A cane toad (shapeshifter) (Gauntlet)
  2 dire elephant skeletons (Lair:5)
  A rime drake (Lair:4)
  A yaktaur (shapeshifter) (Vaults:5)
  An unseen horror (D:13)
  36 yaktaurs
  3 kobold demonologists
  12 komodo dragons
  3 freezing wraiths
  A red devil (Volcano)
  2 polar bears
  3 trolls
  2 tengu conjurers
  2 bloated husks
  17 hornets
  A shadow dragon simulacrum (Depths:2)
  3 tyrant leeches
  A large abomination (Abyss:2)
  16 tarantellas
  6 dream sheep (Lair:5)
  Grinder (D:5)
  A spectral elephant (Lair:5)
  20 blink frogs
  24 jumping spiders
  56 slime creatures
  27 culicivoras
  2 water elementals (Elf:1)
  2 wraiths
  7 wyverns
  15 spriggans
  A shadow (D:10)
  A vampire (D:12)
  45 yaks
  2 basilisks
  2 fire bats (Volcano)
  9 golden eyes
  A basilisk (shapeshifter) (Depths:2)
  4 fire elementals
  41 redbacks
  8 vampire mosquitoes
  2 steam dragons
  14 swamp worms
  A spectral cane toad (Lair:5)
  12 water moccasins
  6 wargs
  The ghost of Dwachs the Gusty, an amateur TeAE (D:3)
  4 floating eyes
  2 hell hounds (Volcano)
  2 ice beasts
  8 swamp drakes
  34 orc warriors
  2 sky beasts
  A black bear (D:8)
  2 elephant zombies (Lair:5)
  3 wolves (Lair:5)
  45 ogres
  3 centaurs
  2 phantoms
  4 kobold brigands
  9 bullfrogs
  6 earth elementals
  2 necrophages
  A gnoll sergeant (D:9)
  5 cane toad simulacra (Lair:5)
  3 scorpions (Lair:2)
  A glowing shapeshifter simulacrum (Depths:2)
  A hornet simulacrum (D:15)
  9 wights
  3 elephant simulacra (Lair:5)
  19 killer bees
  4 howler monkeys
  5 electric eels
  7 lava snakes (Volcano)
  22 orc priests
  2 gnoll boudas (D:7)
  4 hounds
  Crazy Yiuf (D:3)
  A jelly (D:7)
  3 iguanas
  32 orc wizards
  11 gnolls
  7 adders
  A shadow imp (D:6)
  2 white imps (D:7)
  3 ufetubi
  5 worms
  6 dart slugs
  116 orcs
  6 ball pythons
  6 endoplasms
  4 giant cockroaches
  6 goblins
  3 hobgoblins
  16 kobolds
  6 quokkas
  3 bats
  5 frilled lizards
  5 rats
  A fungus (Gauntlet)
  A withered plant (Lair:5)
2124 creatures vanquished.

Vanquished Creatures (collateral kills)
  A tentacled monstrosity (Vaults:5)
  A quicksilver dragon (Vaults:5)
  A bunyip (Swamp:3)
  A spriggan druid (Swamp:3)
  A moth of wrath (Spider:3)
  A hornet (Swamp:3)
  2 culicivoras (Spider:3)
  A spriggan (Swamp:3)
  2 orcs (D:9)
11 creatures vanquished.

Vanquished Creatures (others)
  A draconian knight (Zot:1)
  A storm dragon (Vaults:5)
  A fire giant (Depths:3)
  A deep elf knight (Elf:1)
  A wizard (D:14)
  A deep elf zephyrmancer (Elf:2)
  A cane toad (Lair:4)
  2 slime creatures (D:14)
  An orc (Vaults:4)
  6 foxfires (Swamp:4)
  26 fungi
  54 plants
  21 withered plants (Lair:5)
117 creatures vanquished.

Grand Total: 2252 creatures vanquished

Notes
Turn   | Place    | Note
-------+----------+-------------------------------------------
     0 | D:1      | Citaku the Minotaur Fighter began the quest for the Orb.
     0 | D:1      | Reached XP level 1. HP: 19/19 MP: 0/0
   100 | D:1      | Reached XP level 2. HP: 27/27 MP: 1/1
   516 | D:1      | Reached XP level 3. HP: 29/33 MP: 2/2
  1024 | D:2      | Reached XP level 4. HP: 40/40 MP: 3/3
  1395 | D:3      | Found Qiracy's General Store.
  1404 | D:3      | Bought a scroll of identify for 24 gold pieces
  1510 | D:3      | Identified the +0 ring mail "Neuneona" {rElec Regen+ Str+7
                  | Int+3 Slay-6}
  1613 | D:3      | Found Iwoemast's Distillery.
  1616 | D:3      | Found Ytenozit's Magic Scroll Shoppe.
  1625 | D:3      | Bought a scroll of identify for 28 gold pieces
  1632 | D:3      | Found Toxyts's Jewellery Emporium.
  1699 | D:3      | Reached skill level 5 in Armour
  1710 | D:3      | Reached XP level 5. HP: 47/47 MP: 4/4
  1819 | D:3      | Found a runed translucent door.
  1820 | D:3      | Noticed Crazy Yiuf
  1844 | D:3      | Found a runed translucent gate.
  1881 | D:3      | Killed Crazy Yiuf
  1917 | D:3      | Found a runed translucent gate.
  1919 | D:3      | Found a runed translucent gate.
  1920 | D:3      | Noticed Dwachs's ghost (amateur TeAE)
  1928 | D:3      | Killed Dwachs's ghost
  1929 | D:3      | Reached XP level 6. HP: 34/53 MP: 5/5
  2078 | D:4      | Reached skill level 5 in Axes
  2205 | D:4      | Got the Papyrus of Charming Points
  2209 | D:4      | Found a staircase to the Ecumenical Temple.
  2250 | Temple   | Entered the Ecumenical Temple
  2250 | Temple   | Found a transporter.
  2250 | Temple   | Found a transporter.
  2252 | Temple   | Found a transporter.
  2252 | Temple   | Found a transporter.
  2269 | Temple   | Became a worshipper of Gozag Ym Sagoz the Greedy
  2433 | D:4      | Reached skill level 5 in Fighting
  2621 | D:4      | Reached skill level 5 in Shields
  2708 | D:4      | Reached XP level 7. HP: 57/61 MP: 6/6
  2860 | D:5      | Entered Level 5 of the Dungeon
  3039 | D:5      | Noticed a hornet
  3044 | D:5      | Killed a hornet
  3097 | D:5      | Identified the +6 long sword "Ykeefad" {flame, *Rage rF-
                  | Int+8 Dex+4}
  3234 | D:5      | Reached XP level 8. HP: 70/70 MP: 7/7
  3257 | D:5      | Noticed Grinder
  3258 | D:5      | Paralysed by Grinder for 4 turns
  3266 | D:5      | Paralysed by Grinder for 4 turns
  3287 | D:5      | Paralysed by Grinder for 4 turns
  3290 | D:5      | Killed Grinder
  4085 | D:6      | Found Liotez's Tremendous Tomes.
  4566 | D:7      | Reached XP level 9. HP: 78/78 MP: 8/8
  4667 | D:7      | Paralysed by a hornet for 2 turns
  5050 | D:7      | Reached skill level 10 in Armour
  5130 | D:7      | Found a hide-covered altar of Uskayaw.
  5130 | D:7      | Found a shimmering altar of Xom.
  5224 | D:7      | Noticed a gargoyle
  5242 | D:7      | Killed a gargoyle
  5243 | D:7      | Reached skill level 10 in Axes
  6842 | D:3      | Bought a potion of mutation for 96 gold pieces
  6842 | D:3      | Bought a potion of attraction for 36 gold pieces
  6842 | D:3      | Bought a potion of curing for 36 gold pieces
  6842 | D:3      | Bought a potion of might for 48 gold pieces
  6842 | D:3      | Bought 2 potions of might for 96 gold pieces
  6849 | D:3      | Bought a scroll of enchant weapon for 105 gold pieces
  6849 | D:3      | Bought a scroll of enchant armour for 105 gold pieces
  6849 | D:3      | Bought a scroll of enchant armour for 105 gold pieces
  6849 | D:3      | Bought a scroll of enchant armour for 105 gold pieces
  6849 | D:3      | Bought a scroll of enchant weapon for 105 gold pieces
  7068 | D:8      | Found a flagged portal.
  7076 | D:8      | Reached XP level 10. HP: 88/88 MP: 9/9
  7123 | Bailey   | Entered a bailey
  7189 | Bailey   | Noticed a two-headed ogre
  7196 | Bailey   | Killed a two-headed ogre
  7381 | Bailey   | Identified the +6 dire flail "Quwk" {venom, Fly Int+2}
  7630 | D:8      | Found Josoibag's Weapon Boutique.
  8252 | D:9      | Found a sacrificial altar of Ru.
  8295 | D:9      | Noticed a death yak
  8297 | D:9      | Noticed a death yak
  8297 | D:9      | Noticed a death yak
  8302 | D:9      | Killed a death yak
  8303 | D:9      | Noticed a death yak
  8304 | D:9      | Noticed a death yak
  8305 | D:9      | Killed a death yak
  8306 | D:9      | Reached XP level 11. HP: 52/97 MP: 10/10
  8310 | D:9      | Killed a death yak
  8316 | D:9      | Killed a death yak
  8317 | D:9      | Killed a death yak
  8336 | D:10     | Entered Level 10 of the Dungeon
  8695 | D:9      | Found a staircase to the Lair.
  9289 | D:9      | Noticed a two-headed ogre
  9295 | D:9      | Killed a two-headed ogre
  9658 | D:10     | Noticed an orc knight
  9664 | D:10     | Found a staircase to the Orcish Mines.
  9681 | D:10     | Killed an orc knight
  9682 | D:10     | Reached skill level 10 in Fighting
  9682 | D:10     | Reached skill level 10 in Shields
 11130 | D:11     | Noticed a two-headed ogre
 11132 | D:11     | Noticed a two-headed ogre
 11137 | D:11     | Killed a two-headed ogre
 11138 | D:11     | Reached XP level 12. HP: 88/107 MP: 11/11
 11140 | D:11     | Killed a two-headed ogre
 12228 | D:12     | Noticed a boulder beetle
 12236 | D:12     | Killed a boulder beetle
 12332 | D:12     | Found Dank's Antique Armour Boutique.
 12498 | D:12     | Noticed a boulder beetle
 12509 | D:12     | Killed a boulder beetle
 12989 | Orc:1    | Entered Level 1 of the Orcish Mines
 13044 | Orc:1    | Reached skill level 15 in Armour
 13206 | Orc:1    | Noticed an orc warlord
 13218 | Orc:1    | Reached skill level 15 in Axes
 13220 | Orc:1    | Noticed a two-headed ogre
 13223 | Orc:1    | Killed an orc warlord
 13231 | Orc:1    | Killed a two-headed ogre
 13634 | Orc:1    | Found an ornate altar of the Wu Jian Council.
 13634 | Orc:1    | Found a transporter.
 13715 | Orc:1    | Found a transporter.
 13723 | Orc:1    | Found a transporter.
 13743 | Orc:1    | Found a transporter.
 13744 | Orc:1    | Found an ornate altar of the Wu Jian Council.
 13744 | Orc:1    | Noticed an orc warlord
 13995 | Orc:1    | Killed an orc warlord
 13996 | Orc:1    | Reached XP level 13. HP: 116/116 MP: 12/12
 14589 | Orc:2    | Entered Level 2 of the Orcish Mines
 15131 | Orc:2    | Paralysed by an ogre mage for 4 turns
 15416 | Orc:2    | Found a staircase to the Elven Halls.
 15542 | Orc:2    | Found Ysaunotu's General Store.
 15542 | Orc:2    | Found Dumid's General Store.
 15542 | Orc:2    | Found Icsull's Armour Shop.
 15542 | Orc:2    | Found Buerraept's Book Emporium.
 15553 | Orc:2    | Bought a +3 plate armour of fire resistance for 675 gold
                  | pieces
 15553 | Orc:2    | Bought a manual of Axes for 1200 gold pieces
 15553 | Orc:2    | Bought a potion of curing for 45 gold pieces
 15554 | Orc:2    | Bought the +2 pair of boots of Cowardice {rPois Dex+3 SInv}
                  | for 543 gold pieces
 17394 | D:14     | Reached XP level 14. HP: 115/127 MP: 13/13
 17428 | D:14     | Found a gate to the Vaults.
 17508 | D:14     | Found Maoto's Distillery.
 17516 | D:14     | Bought a potion of haste for 160 gold pieces
 17516 | D:14     | Bought a potion of might for 64 gold pieces
 17516 | D:14     | Bought a potion of berserk rage for 80 gold pieces
 17516 | D:14     | Bought a potion of heal wounds for 80 gold pieces
 17891 | D:14     | Noticed Lodul
 17906 | D:14     | Killed Lodul
 18771 | D:15     | Entered Level 15 of the Dungeon
 18774 | Abyss:2  | Cast into level 2 of the Abyss (tengu warrior)
 18856 | D:15     | Escaped the Abyss
 19096 | D:15     | Found a gate leading to a gauntlet.
 19108 | Gauntlet | Entered a Gauntlet
 19108 | Gauntlet | Found a transporter.
 19108 | Gauntlet | Found a transporter.
 19108 | Gauntlet | Found a transporter.
 19136 | Gauntlet | a torpor snail changed into a quicksilver ooze
 19136 | Gauntlet | Noticed a quicksilver ooze (glowing shapeshifter)
 19142 | Gauntlet | a quicksilver ooze changed into a catoblepas
 19158 | Gauntlet | Found a transporter.
 19161 | Gauntlet | Found a transporter.
 19161 | Gauntlet | a jorogumo changed into a broodmother
 19161 | Gauntlet | Noticed a broodmother (glowing shapeshifter)
 19165 | Gauntlet | a broodmother changed into a spark wasp
 19174 | Gauntlet | Noticed a quicksilver ooze
 19175 | Gauntlet | a quicksilver ooze changed into a fire dragon
 19182 | Gauntlet | Found a transporter.
 19192 | Gauntlet | Found a transporter.
 19208 | Gauntlet | Found a transporter.
 19226 | Gauntlet | Found a transporter.
 19240 | Gauntlet | Found a transporter.
 19249 | Gauntlet | Found a transporter.
 19364 | Gauntlet | Found the +3 pair of gauntlets of War {Slay+5}
 19366 | Gauntlet | Found a transporter.
 19506 | Gauntlet | Identified the +0 cloak of Otyativ {rN+ Int+4 Slay-2}
 19510 | Gauntlet | Got the Almanac of Conduction and Modification
 19586 | Gauntlet | Identified the +9 shortbow "Weewuhaqim" {drain, rC+ Int+2
                  | Dex+3}
 19643 | Gauntlet | Identified the +5 mace "Dragonslayer" {flame, rN+}
 19643 | Gauntlet | Identified the +1 scale mail "Luxiu" {Stlth+}
 19643 | Gauntlet | Identified the ring of Learoikk {rPois rF+ Will+ SInv
                  | Stlth+}
 20314 | D:15     | Reached XP level 15. HP: 105/137 MP: 14/14
 20535 | D:15     | Identified the +0 whip "Keny" {freeze, rF++ rC+ Int+3
                  | Dex+3}
 20739 | D:15     | Found a glowing golden altar of the Shining One.
 20993 | D:15     | Found a staircase to the Depths.
 20999 | D:15     | Bought a scroll of summoning for 142 gold pieces
 20999 | D:15     | Bought 2 scrolls of fear for 120 gold pieces
 20999 | D:15     | Bought a scroll of enchant weapon for 112 gold pieces
 21142 | Lair:1   | Entered Level 1 of the Lair of Beasts
 21875 | Lair:1   | Noticed Fannar
 21885 | Lair:1   | Killed Fannar
 22237 | Lair:2   | Found a hole to the Spider Nest.
 23112 | Lair:3   | Identified the +4 trident of the Ancients {freeze, rC++
                  | Will-}
 23499 | Lair:3   | Identified the +6 spear "Mess" {pain, Drain Fly rElec
                  | Dex+4}
 23519 | Lair:3   | Noticed Gastronok
 23530 | Lair:3   | Killed Gastronok
 23694 | Lair:3   | Found a staircase to the Swamp.
 24614 | Lair:4   | Found a dark tunnel.
 24621 | Volcano  | Entered a volcano
 24994 | Volcano  | Found a bloodstained altar of Trog.
 25400 | Lair:4   | Found a staircase to the Slime Pits.
 25629 | Lair:4   | You fall into a shaft and drop 1 floor!
 25629 | Lair:5   | Entered Level 5 of the Lair of Beasts
 26411 | Lair:5   | Reached XP level 16. HP: 145/147 MP: 15/15
 27366 | Lair:5   | Reached skill level 15 in Shields
 27368 | Lair:5   | Reached skill level 15 in Fighting
 27695 | Lair:5   | Bought a brightly glowing hand axe for 296 gold pieces
 27695 | Lair:5   | Identified the +7 hand axe of Hunipur {elec, Fragile rC+
                  | rN+ Int+8} (You bought it in a shop on level 5 of the Lair
                  | of Beasts)
 27879 | Spider:1 | Entered Level 1 of the Spider Nest
 30376 | Spider:3 | Reached XP level 17. HP: 153/154 MP: 16/16
 31539 | Spider:4 | Entered Level 4 of the Spider Nest
 33043 | Spider:4 | Got a gossamer rune of Zot
 33889 | D:14     | Bought a potion of mutation for 128 gold pieces
 33890 | D:14     | Gained mutation: You are partially covered in iridescent
                  | scales. (AC +2) [potion of mutation]
 33890 | D:14     | Gained mutation: You have hidden genetic defects. [potion
                  | of mutation]
 33890 | D:14     | Gained mutation: You have large cloven feet. [potion of
                  | mutation]
 33891 | D:14     | Lost mutation: You are partially covered in iridescent
                  | scales. (AC +2) [potion of mutation]
 33891 | D:14     | Lost mutation: You have hidden genetic defects. [potion of
                  | mutation]
 33891 | D:14     | Gained mutation: You are vulnerable to cold. (rC-) [potion
                  | of mutation]
 33892 | D:14     | Lost mutation: You have large cloven feet. [potion of
                  | mutation]
 33892 | D:14     | Lost mutation: You are vulnerable to cold. (rC-) [potion of
                  | mutation]
 33892 | D:14     | Gained mutation: You are agile. (Dex +4, Str/Int -1)
                  | [potion of mutation]
 33892 | D:14     | Gained mutation: Your system is resistant to poisons.
                  | (rPois) [potion of mutation]
 33893 | D:14     | Lost mutation: Your system is resistant to poisons. (rPois)
                  | [potion of mutation]
 33893 | D:14     | Lost mutation: You are agile. (Dex +4, Str/Int -1) [potion
                  | of mutation]
 33893 | D:14     | Gained mutation: You occasionally shout uncontrollably at
                  | your foes. [potion of mutation]
 33893 | D:14     | Gained mutation: You are partially covered in iridescent
                  | scales. (AC +2) [potion of mutation]
 33893 | D:14     | Gained mutation: Your muscles are strong. (Str +4, Int/Dex
                  | -1) [potion of mutation]
 33904 | D:14     | Bought a potion of might for 152 gold pieces
 33942 | Vaults:1 | Entered Level 1 of the Vaults
 34018 | Vaults:1 | Noticed Donald
 34032 | Vaults:1 | Killed Donald
 34913 | Vaults:1 | Reached XP level 18. HP: 148/168 MP: 17/17
 37871 | Vaults:2 | Found Fanioste's Distillery.
 37879 | Vaults:2 | Bought a potion of berserk rage for 95 gold pieces
 37879 | Vaults:2 | Bought a potion of might for 76 gold pieces
 38435 | Vaults:3 | Reached XP level 19. HP: 174/177 MP: 18/18
 39442 | Vaults:3 | Found a staircase to the Crypt.
 39442 | Vaults:3 | Found an ancient bone altar of Kikubaaqudgha.
 39443 | Vaults:3 | Found a basalt altar of Yredelemnul.
 40199 | Vaults:4 | Found Unuag's Magic Scroll Boutique.
 40254 | Vaults:4 | Bought a scroll of enchant weapon for 165 gold pieces
 40254 | Vaults:4 | Bought a scroll of noise for 22 gold pieces
 40562 | Vaults:4 | Noticed Jory
 40583 | Vaults:4 | Killed Jory
 40591 | Vaults:4 | Noticed Margery
 40611 | Vaults:4 | Killed Margery
 40966 | Vaults:4 | Reached XP level 20. HP: 178/189 MP: 19/19
 41589 | Vaults:4 | Paralysed by a sphinx for 3 turns
 41617 | Vaults:4 | Reached skill level 27 in Axes
 41971 | Vaults:4 | Bought a scroll of summoning for 190 gold pieces
 41971 | Vaults:4 | Bought a scroll of enchant armour for 150 gold pieces
 41971 | Vaults:4 | Bought a scroll of blinking for 150 gold pieces
 41972 | Vaults:4 | Bought a potion of heal wounds for 135 gold pieces
 41972 | Vaults:4 | Bought a potion of berserk rage for 135 gold pieces
 41972 | Vaults:4 | Bought a marble ring for 135 gold pieces
 42362 | Slime:1  | Entered Level 1 of the Pits of Slime
 42567 | Elf:1    | Entered Level 1 of the Elven Halls
 43059 | Elf:1    | Identified the +0 leather armour "Hedajana" {*Corrode rC+
                  | Str+4 Stlth+}
 44480 | Elf:2    | Found a runed translucent gate.
 44481 | Elf:2    | Found a runed translucent gate.
 44481 | Elf:2    | Found a runed translucent gate.
 46079 | Slime:2  | Gained mutation: You are somewhat resistant to further
                  | mutation. [a shining eye]
 46824 | Slime:3  | Reached XP level 21. HP: 200/200 MP: 20/20
 47657 | Slime:5  | Entered Level 5 of the Pits of Slime
 47875 | Slime:5  | Noticed the Royal Jelly
 47888 | Slime:5  | Killed the Royal Jelly
 47908 | Slime:5  | Reached skill level 27 in Armour
 48223 | Slime:5  | Gained mutation: Your spells are a little easier to cast,
                  | but a little less powerful. [a shining eye]
 48408 | Slime:5  | Identified the amulet of the Townfolk {Faith Harm Will-
                  | Int+4}
 48461 | Slime:5  | Identified the ring of Yqiym {Fire rN+}
 48482 | Slime:5  | Got Hies's Commentary on the Venomous Summer
 48484 | Slime:5  | Got a slimy rune of Zot
 48485 | Slime:5  | Identified the +7 great sword "Ataty" {heavy, rC+ Dex+3}
 48538 | Slime:5  | Identified the +9 short sword "Waharphi" {flame, Will+}
 49360 | Vaults:5 | Entered Level 5 of the Vaults
 50567 | Vaults:5 | Noticed an ancient lich
 50578 | Vaults:5 | Killed an ancient lich
 50579 | Vaults:5 | Noticed a dread lich
 50580 | Vaults:5 | Identified the +0 robe of Ticy {+Blink rC+}
 50581 | Vaults:5 | Noticed a dread lich
 50595 | Vaults:4 | Killed a dread lich
 51042 | Vaults:5 | Identified the +4 battleaxe of the Slime-mould {heavy,
                  | rPois}
 51324 | Vaults:5 | Killed a dread lich
 51325 | Vaults:5 | Reached XP level 22. HP: 125/220 MP: 21/21
 51537 | Vaults:5 | Identified the +7 broad axe "Ruotycha" {flame, rPois Int+2}
 52119 | Vaults:5 | Identified the +9 morningstar "Pefess Wijio" {freeze, rPois
                  | Will+ Str+3 Dex+4}
 52488 | Vaults:5 | Identified the amulet of Ducvuf {Reflect rF+ Regen+ SH+5}
 52769 | Vaults:5 | Got a silver rune of Zot
 52775 | Vaults:5 | Got the Incunable of Unified Transmigration
 52923 | Vaults:5 | Found Qeso's Weapon Shoppe.
 52975 | Vaults:5 | Identified the ring of Kotwabih {Drain *Slow rF++ MP+9
                  | Dex+4}
 53633 | Swamp:1  | Entered Level 1 of the Swamp
 53737 | Swamp:1  | Noticed Mlioglotl
 53747 | Swamp:1  | Killed Mlioglotl
 54019 | Swamp:1  | Noticed Roxanne
 54044 | Swamp:1  | Killed Roxanne
 54567 | Swamp:2  | Identified the +6 dire flail "Minotaur's Foe" {freeze,
                  | Int+9 Stlth-}
 55227 | Swamp:4  | Entered Level 4 of the Swamp
 55676 | Swamp:4  | Got a decaying rune of Zot
 56247 | D:15     | Bought the ring "Cipil" {Contam rC+ rCorr AC+4 Str+7} for
                  | 776 gold pieces
 56268 | Depths:1 | Entered Level 1 of the Depths
 56372 | Depths:1 | Found a one-way gate to the infinite horrors of the Abyss.
 56559 | Depths:1 | Reached XP level 23. HP: 195/236 MP: 22/22
 56623 | Depths:1 | Found an ancient bone altar of Kikubaaqudgha.
 56723 | Depths:1 | Found a gateway to Hell.
 56758 | Depths:1 | Identified the +4 war axe of Agony {spect, *Corrode rC++}
 57237 | Depths:2 | Found Mydwirr's Book Boutique.
 57246 | Depths:2 | Found Yhiebbus's Jewellery Emporium.
 57248 | Depths:2 | Found Gieqoera's Book Boutique.
 57307 | Depths:2 | Identified a scroll of acquirement
 57422 | Depths:2 | Found a one-way gate leading to the halls of Pandemonium.
 57802 | Depths:2 | Paralysed by a floating eye for 3 turns
 57812 | Depths:2 | Paralysed by a floating eye for 2 turns
 57860 | Depths:2 | Identified the +6 long sword of Quuhys {freeze, Fragile
                  | Int+4}
 58173 | Depths:2 | Found a transporter.
 58178 | Depths:2 | Found a transporter.
 58553 | Depths:2 | Identified the amulet "Qoiw Qyl" {Spirit rElec rF- Will++}
 58561 | Depths:2 | Identified the ring "Ejewkis" {Fire Str-3 Int+2 Dex+2}
 58675 | Depths:3 | Acquired the +18 Lear's hauberk
 58675 | Depths:3 | Found the +18 Lear's hauberk
 59201 | Depths:3 | Noticed a juggernaut
 59222 | Depths:3 | Found a runed translucent door.
 59235 | Depths:3 | Killed a juggernaut
 59241 | Depths:3 | Noticed a caustic shrike
 59279 | Depths:3 | Reached skill level 27 in Fighting
 59286 | Depths:3 | Killed a caustic shrike
 59310 | Depths:3 | Paralysed by a floating eye for 4 turns
 59335 | Depths:3 | Found a runed translucent door.
 59939 | Depths:4 | Entered Level 4 of the Depths
 59953 | Depths:4 | Found a stormy altar of Qazlal.
 60202 | Depths:4 | Found a gate to the Realm of Zot.
 60222 | Depths:4 | Reached XP level 24. HP: 242/249 MP: 22/22
 60312 | Depths:4 | Reached skill level 27 in Shields
 60581 | Depths:4 | Found a one-way gateway to a ziggurat.
 60600 | Depths:4 | Found Waneshi's Armour Emporium.
 60605 | Depths:4 | Reached skill level 1 in Dodging
 60643 | Depths:4 | Found a corrupted altar of Lugonu.
 60976 | Zot:1    | Entered Level 1 of the Realm of Zot
 61155 | Zot:1    | Noticed an orb of fire
 61155 | Zot:1    | Gained mutation: Your body sometimes deteriorates upon
                  | taking damage. [an orb of fire]
 61159 | Zot:1    | Gained mutation: You occasionally lose the ability to drink
                  | potions when taking damage. [an orb of fire]
 61171 | Zot:1    | Killed an orb of fire
 61172 | Zot:1    | Reached skill level 5 in Dodging
 61437 | Zot:1    | Bought a pair of runed boots for 262 gold pieces
 61439 | Zot:1    | Bought a potion of heal wounds for 155 gold pieces
 61439 | Zot:1    | Bought a pair of glowing boots for 232 gold pieces
 61439 | Zot:1    | Bought a flickering iron amulet for 155 gold pieces
 61439 | Zot:1    | Identified the amulet of Jexeewet {Will+ Regen+ Int+2} (You
                  | bought it in a shop on level 1 of the Realm of Zot)
 62152 | Zot:2    | Reached skill level 10 in Dodging
 62255 | Zot:2    | Noticed Parghit
 62266 | Zot:2    | Killed Parghit
 62985 | Zot:3    | Identified the +6 chain mail of Defence {Fly rF+ rC- Dex+6}
 63347 | Zot:3    | Identified the +1 robe of Magif {rC++ Slay+3}
 63717 | Zot:4    | Noticed a Killer Klown
 63717 | Zot:4    | Noticed a Killer Klown
 63769 | Zot:4    | Noticed a dread lich
 63792 | Zot:4    | Noticed a Killer Klown
 63808 | Zot:4    | Noticed an orb of fire
 63814 | Zot:4    | Killed an orb of fire
 63871 | Zot:4    | Noticed a Killer Klown
 63894 | Zot:4    | Noticed a Killer Klown
 63995 | Zot:4    | Killed a Killer Klown
 63996 | Zot:4    | Reached skill level 15 in Dodging
 63997 | Zot:4    | Killed a Killer Klown
 64002 | Zot:4    | Reached XP level 25. HP: 145/257 MP: 21/22
 64009 | Zot:4    | Killed a Killer Klown
 64130 | Zot:4    | Killed a dread lich
 64206 | Zot:4    | Killed a Killer Klown
 64500 | Zot:4    | Killed a Killer Klown
 65072 | Zot:4    | Lost mutation: You are partially covered in iridescent
                  | scales. (AC +2) [potion of mutation]
 65072 | Zot:4    | Lost mutation: You occasionally shout uncontrollably at
                  | your foes. [potion of mutation]
 65072 | Zot:4    | Lost mutation: Your body sometimes deteriorates upon taking
                  | damage. [potion of mutation]
 65073 | Zot:4    | Lost mutation: You are somewhat resistant to further
                  | mutation. [potion of mutation]
 65073 | Zot:4    | Lost mutation: Your muscles are strong. (Str +4, Int/Dex
                  | -1) [potion of mutation]
 65073 | Zot:4    | Gained mutation: You are partially covered in iridescent
                  | scales. (AC +2) [potion of mutation]
 65073 | Zot:4    | Gained mutation: You sometimes lose your temper in combat.
                  | [potion of mutation]
 65074 | Zot:4    | Lost mutation: You are partially covered in iridescent
                  | scales. (AC +2) [potion of mutation]
 65074 | Zot:4    | Lost mutation: You sometimes lose your temper in combat.
                  | [potion of mutation]
 65074 | Zot:4    | Lost mutation: You occasionally lose the ability to drink
                  | potions when taking damage. [potion of mutation]
 65074 | Zot:4    | Gained mutation: You are partially covered in iridescent
                  | scales. (AC +2) [potion of mutation]
 65074 | Zot:4    | Gained mutation: Your magical capacity is low. (-10% MP)
                  | [potion of mutation]
 65075 | Zot:4    | Lost mutation: Your spells are a little easier to cast, but
                  | a little less powerful. [potion of mutation]
 65075 | Zot:4    | Lost mutation: Your magical capacity is low. (-10% MP)
                  | [potion of mutation]
 65075 | Zot:4    | Gained mutation: You possess an exceptional clarity of
                  | mind. [potion of mutation]
 65075 | Zot:4    | Gained mutation: Armour fits poorly on your strangely
                  | shaped body. [potion of mutation]
 65076 | Zot:4    | Lost mutation: You possess an exceptional clarity of mind.
                  | [potion of mutation]
 65076 | Zot:4    | Lost mutation: You are partially covered in iridescent
                  | scales. (AC +2) [potion of mutation]
 65076 | Zot:4    | Gained mutation: Your magical capacity is low. (-10% MP)
                  | [potion of mutation]
 65076 | Zot:4    | Gained mutation: Your system is resistant to poisons.
                  | (rPois) [potion of mutation]
 65077 | Zot:4    | Lost mutation: Your magical capacity is low. (-10% MP)
                  | [potion of mutation]
 65077 | Zot:4    | Lost mutation: Armour fits poorly on your strangely shaped
                  | body. [potion of mutation]
 65077 | Zot:4    | Lost mutation: Your system is resistant to poisons. (rPois)
                  | [potion of mutation]
 65077 | Zot:4    | Gained mutation: You are covered in fur. (AC +1) [potion of
                  | mutation]
 65077 | Zot:4    | Gained mutation: Your magical capacity is low. (-10% MP)
                  | [potion of mutation]
 65078 | Zot:4    | Lost mutation: Your magical capacity is low. (-10% MP)
                  | [potion of mutation]
 65078 | Zot:4    | Lost mutation: You are covered in fur. (AC +1) [potion of
                  | mutation]
 65078 | Zot:4    | Gained mutation: You are weak. (Str -2) [potion of
                  | mutation]
 65078 | Zot:4    | Gained mutation: You are partially covered in iridescent
                  | scales. (AC +2) [potion of mutation]
 65078 | Zot:4    | Gained mutation: You possess an exceptional clarity of
                  | mind. [potion of mutation]
 65079 | Zot:4    | Lost mutation: You possess an exceptional clarity of mind.
                  | [potion of mutation]
 65079 | Zot:4    | Lost mutation: You are weak. (Str -2) [potion of mutation]
 65079 | Zot:4    | Lost mutation: You are partially covered in iridescent
                  | scales. (AC +2) [potion of mutation]
 65079 | Zot:4    | Gained mutation: You have a pair of large horns on your
                  | head. [potion of mutation]
 65079 | Zot:4    | Gained mutation: You are frail. (-10% HP) [potion of
                  | mutation]
 65079 | Zot:4    | Gained mutation: You possess an exceptional clarity of
                  | mind. [potion of mutation]
 65080 | Zot:4    | Lost mutation: You have a pair of large horns on your head.
                  | [potion of mutation]
 65080 | Zot:4    | Lost mutation: You possess an exceptional clarity of mind.
                  | [potion of mutation]
 65080 | Zot:4    | Lost mutation: You are frail. (-10% HP) [potion of
                  | mutation]
 65080 | Zot:4    | Gained mutation: Your spells are a little harder to cast,
                  | but a little more powerful. [potion of mutation]
 65080 | Zot:4    | Gained mutation: Your spells are harder to cast, but more
                  | powerful. [potion of mutation]
 65102 | Zot:5    | Entered Level 5 of the Realm of Zot
 65102 | Zot:5    | Found a runed translucent gate.
 65102 | Zot:5    | Found a runed translucent gate.
 65102 | Zot:5    | Found a runed translucent gate.
 65491 | Zot:5    | Noticed Ivui's ghost (legendary GrMo)
 65497 | Zot:5    | Noticed Sausm's ghost (legendary KoDe)
 65497 | Zot:5    | Found the +7 great mace "Undeadhunter" {deathbane, rN+}
 65546 | Zot:5    | Killed Sausm's ghost
 65554 | Zot:5    | Killed Ivui's ghost
 65883 | Zot:5    | Noticed a dread lich
 65887 | Zot:5    | Killed a dread lich
 65942 | Zot:5    | Noticed a Killer Klown
 65947 | Zot:5    | Noticed a dread lich
 65948 | Zot:5    | Noticed a Killer Klown
 65962 | Zot:5    | Killed a dread lich
 65967 | Zot:5    | a Killer Klown changed into a juggernaut
 65967 | Zot:5    | Noticed a juggernaut
 65972 | Zot:5    | Killed a juggernaut
 65973 | Zot:5    | Noticed an orb of fire
 65975 | Zot:5    | Noticed a Killer Klown
 65978 | Zot:5    | Noticed a Killer Klown
 65993 | Zot:5    | Gained mutation: You are clumsy. (Dex -2) [an orb of fire]
 65995 | Zot:5    | Killed an orb of fire
 65999 | Zot:5    | Killed a Killer Klown
 66003 | Zot:5    | Killed a Killer Klown
 66014 | Zot:5    | Killed a Killer Klown
 66060 | Zot:5    | Noticed an orb of fire
 66062 | Zot:5    | Gained mutation: You are occasionally teleported next to
                  | monsters. [an orb of fire]
 66063 | Zot:5    | Noticed a Killer Klown
 66065 | Zot:5    | Gained mutation: You are weak. (Str -2) [an orb of fire]
 66078 | Zot:5    | Killed a Killer Klown
 66079 | Zot:5    | Noticed a Killer Klown
 66080 | Zot:5    | a Killer Klown changed into an emperor scorpion
 66086 | Zot:5    | Killed an orb of fire
 66479 | Zot:5    | Noticed an orb of fire
 66481 | Zot:5    | Reached XP level 26. HP: 231/266 MP: 0/22
 66491 | Zot:5    | Noticed an orb of fire
 66504 | Zot:5    | Noticed an ancient lich
 66530 | Zot:5    | Gained mutation: Armour fits poorly on your strangely
                  | shaped body. [an orb of fire]
 66551 | Zot:5    | Noticed a dread lich
 66552 | Zot:5    | Gained mutation: Your magical capacity is low. (-10% MP)
                  | [an orb of fire]
 66553 | Zot:5    | Mangled by an Orb Guardian

Illustrated notes

Levels and vault maps discovered:
D:1:      dpeg_arrival_long_road, layout_rooms
D:2:      layout_basic
D:3:      layout_basic, serial_shops, shop, shop, shop_fountains, shop,
          ebering_ghost_rock_garden, uniq_crazy_yiuf_cottage
D:4:      layout_gridville, minmay_temple_entry_gardened_gates
D:5:      layout_basic, uniq_grinder
D:6:      layout_loops_ring, nicolae_shop_i_like_big_books,
          kennysheep_generic_room_7
D:7:      cheibrodos_two_vegetables, layout_basic,
          amethyst_overflow_temple_binary, dreamdust_gnoll_shepherd
D:8:      layout_basic, serial_shops, nicolae_shop_waterfront, enter_bailey_2,
          lightli_orcish_oven
D:9:      layout_loops_ring, nicolae_ru_the_path_less_chosen, dpeg_lair_monsters
D:10:     layout_basic, david_orc_5
D:11:     layout_roguey
D:12:     layout_loops_corners, serial_shops, shop, serial_glass,
          glass_columns_c, glass_columns_c
D:13:     layout_roguey
D:14:     layout_basic, david_vaults_1, serial_glass, glass_columns_c,
          glass_columns_a, feat_on_display, nicolae_stop_n_shop_2,
          minmay_misc_feat_pillars, uniq_lodul
D:15:     grunt_enter_depths_magical_seal, layout_small_grid, tso_altar,
          gauntlet_entry_generic
Temple:   hellmonk_temple_divided_pantheon
Lair:1:   layout_gridlike, uniq_fannar
Lair:2:   layout_cave_pods, nicolae_spider_entry_non_spiders,
          grunt_megastairs_4, infiniplex_staircase_pool
Lair:3:   layout_regular_city, palyth_hydra_swamp_entry, grunt_megastairs_5,
          uniq_gastronok
Lair:4:   layout_cave_pods, slime_entry_1, enter_volcano_1
Lair:5:   due_jungle_book, layout_regular_city
Swamp:1:  layout_basic_swamp, evilmike_swamp_ruin_house_3, swamp_pool1,
          uniq_mlioglotl, uniq_roxanne
Swamp:2:  layout_falls_marsh, evilmike_swamp_ruin_rubble_1,
          infiniplex_staircase_pool_2
Swamp:3:  layout_basic_swamp, nicolae_swamp_little_swirl
Swamp:4:  swamp, layout_basic_swamp
Spider:1: layout_spider_delve, nicolae_spider_nooks_and_crannies
Spider:2: layout_spider_delve, nicolae_spider_scorpion_nest
Spider:3: layout_spider_delve, portal_ice_cave_entry_frozen_things
Spider:4: grunt_spider_rune_circles, hangedman_spider_tarantella_strand
Slime:1:  layout_caves
Slime:2:  layout_caves
Slime:3:  layout_caves
Slime:4:  layout_caves
Slime:5
Orc:1:    dreamdust_wu_jian_sword_trials, layout_diamond_mine, minmay_orc_keep
Orc:2:    st_orc_ogre_mass, layout_caves, statue_in_the_mist_lemuel
Elf:1:    layout_rooms, hangedman_corner_corridor, lemuel_flamethrower_1
Elf:2:    nicolae_elf_blades_crystal_corner, layout_geoelf_diagonals
Vaults:1: v_misc_29, vaults_mumra_hexcomb, v_misc_13,
          nicolae_vaults_yaktaur_gun_rack, ontoclasm_vaults_twist, v_misc_15,
          v_misc_8, dpeg_vaults_monster_row, grunt_vaults_hallway_short,
          ontoclasm_vaults_shuriken, layout_vaults_big_room, uniq_donald
Vaults:2: v_alt_pattern_2, v_misc_15, vaults_room_door_hall,
          nicolae_vaults_windows_and_doors_thing, vaults_dpeg_emergency_exit,
          layout_vaults_quadrants, serial_shops, shop
Vaults:3: nicolae_vaults_inception_network, ontoclasm_vaults_ring_square,
          minmay_crypt_entry_necro_gods, vaults_room_grunt_arrival_ludios,
          ontoclasm_vaults_gateway, nicolae_vaults_rhombus_5, v_misc_1,
          grunt_vaults_focal, v_pattern_5, ontoclasm_vaults_ring_small,
          layout_vaults_omnibox
Vaults:4: vaults_mumra_chevron, v_misc_32, hangedman_vaults_unwind,
          vaults_room_corners, vaults_mumra_hex, v_misc_3, vaults_room_corners,
          vaults_room_pool, vaults_room_mumra_shop_pool,
          layout_vaults_omnicross, uniq_margery, uniq_jory
Vaults:5
Depths:1: layout_long_grid, abyss_entry_glasseish, pf_hell_entry_great_geh,
          hangedman_decor_peaks_small, kiku_gazebo_pond_becter,
          serial_bayou_shore_b
Depths:2: gammafunk_jiyva_shrine, layout_gridville, grunt_decor_junction,
          hell_entry, pan_entry, hangedman_eye_storm, grunt_megastairs_1,
          infiniplex_staircase_split_hallway, minmay_shop_grove
Depths:3: minmay_expanding_circles, layout_gridlike, hell_entry, abyss_entry,
          kennysheep_generic_room_5, serial_bayou_shore_b
Depths:4: evilmike_zot_entry_round, layout_long_grid, enter_ziggurat_b,
          abyss_entry_flame_altar, pf_hell_entry_tar_spiral, serial_shops,
          shop_fountains, nicolae_qazlal_scattered_showers
Zot:1:    layout_concentric_octagons, skrybe_zot_glass_3
Zot:2:    layout_misc_corridors, uniq_parghit
Zot:3:    layout_onion
Zot:4:    ebering_klown_carousel, layout_twisted_circle, zot_minivault_8
Zot:5:    layout_misc_corridors, gammafunk_ghost_cemetery,
          nicolae_zot_crop_circle

Skill      XL: |  1  2  3  4  5  6  7  8  9 10 11 12 13 14 15 16 17 18 19 20 21 22 23 24 25 |
---------------+----------------------------------------------------------------------------+-----
Armour         | 4 5 6 7 9 10 12 14 15 17 18 20 21 22 23 25 26 27 | 27.0
Axes           | 3 4 5 6 8 10 12 13 15 17 20 22 23 24 25 26 27 | 27.0
Fighting       | 4 5 6 8 9 10 11 12 13 14 15 16 17 18 19 23 25 27 | 27.0
Shields        | 4 5 6 7 9 10 11 12 13 14 15 16 17 18 19 21 24 26 27 | 27.0
Dodging        | 15 21 | 21.8

Action                   |  1- 3 |  4- 6 |  7- 9 | 10-12 | 13-15 | 16-18 | 19-21 | 22-24 | 25-27 || total
-------------------------+-------+-------+-------+-------+-------+-------+-------+-------+-------++-------
Melee: War axe           |    66 |    57 |   163 |   445 |   273 |       |       |       |       ||  1004
       Headbutt          |     8 |    12 |    24 |   111 |   177 |   390 |   280 |   376 |   144 ||  1522
       Broad axe         |       |       |       |       |   408 |   171 |   479 |  1157 |   436 ||  2651
       Hand axe          |       |       |       |       |       |  1070 |   439 |       |       ||  1509
Throw: Javelin           |       |       |       |       |       |       |       |       |     1 ||     1
Invok: Potion Petition   |       |       |       |     1 |       |       |       |       |       ||     1
       Call Merchant     |       |       |       |       |     2 |     4 |     2 |     4 |       ||    12
Evoke: Phantom mirror    |       |       |       |     1 |       |       |       |       |       ||     1
       Wand              |       |       |       |       |     1 |       |       |     1 |       ||     2
       Box of beasts     |       |       |       |       |       |       |     1 |       |       ||     1
  Use: Scroll            |       |     5 |    10 |     7 |    23 |    11 |    19 |    11 |     5 ||    91
       Potion            |       |     1 |     5 |    11 |    15 |    14 |    24 |     8 |    27 ||   105
 Stab: Distracted        |       |       |       |     5 |    16 |    15 |    27 |    45 |    17 ||   125
       Petrified         |       |       |       |       |     3 |       |       |       |       ||     3
Armor: Scale mail        |    30 |     3 |       |       |       |       |       |       |       ||    33
       Plate armour      |       |    20 |    92 |   127 |   337 |   703 |   438 |   381 |       ||  2098
       Gold dragon scale |       |       |       |       |       |       |       |    64 |   139 ||   203
Dodge: Dodged            |    23 |    30 |    71 |    74 |   122 |   242 |   155 |   192 |   113 ||  1022
       Repelled          |       |       |       |       |     4 |     1 |    19 |    25 |    13 ||    62
Block: Kite shield       |    42 |    19 |    79 |   147 |   358 |   895 |   671 |   914 |   361 ||  3486
       Reflection        |       |       |       |       |       |       |       |    33 |     5 ||    38

Table legend: (Time is in decaauts)
 A = Elapsed time spent in this place.
 B = Non-inter-level travel time spent in this place.
 C = Inter-level travel time spent in this place.
 D = Time resting spent in this place.
 E = Time spent auto-exploring this place.
 F = Levels seen in this place.
 G = Mean time per level.
                   A        B        C        D        E       F      G
               +--------+--------+--------+--------+--------+-----+--------+
         Total |  65865 |  61832 |   4033 |   5380 |  42842 |  56 | 1176.2 |
       Dungeon |  18421 |  16599 |   1822 |   1632 |  11645 |  15 | 1228.1 |
        Temple |     76 |     76 |      0 |      0 |      0 |   1 |   76.0 |
          Lair |   6838 |   5830 |   1008 |    249 |   4575 |   5 | 1367.6 |
         Swamp |   2529 |   2366 |    163 |    116 |   1762 |   4 |  632.2 |
   Spider Nest |   5571 |   5466 |    105 |    179 |   4434 |   4 | 1392.8 |
    Slime Pits |   3219 |   3109 |    110 |    698 |   1777 |   5 |  643.8 |
  Orcish Mines |   2893 |   2809 |     84 |    585 |   1545 |   2 | 1446.5 |
   Elven Halls |   2861 |   2775 |     86 |    192 |   1775 |   2 | 1430.5 |
        Vaults |  11791 |  11374 |    417 |   1156 |   8216 |   5 | 2358.2 |
        Depths |   4555 |   4361 |    194 |    359 |   3050 |   4 | 1138.8 |
           Zot |   5362 |   5323 |     39 |    118 |   3281 |   5 | 1072.4 |
         Abyss |     79 |     79 |      0 |      0 |     35 |   1 |   79.0 |
        Bailey |    380 |    380 |      0 |     40 |    191 |   1 |  380.0 |
       Volcano |    586 |    586 |      0 |     54 |    318 |   1 |  586.0 |
      Gauntlet |    698 |    698 |      0 |      0 |    233 |   1 |  698.0 |
               +--------+--------+--------+--------+--------+-----+--------+

Top non-repeatable levels by time:
Vaults:4: 3631 daAuts
Vaults:5: 2391 daAuts
Vaults:2: 2272 daAuts
    D:10: 2266 daAuts
     D:7: 2102 daAuts
Spider:4: 1969 daAuts
   Elf:2: 1901 daAuts
    D:14: 1876 daAuts
   Orc:1: 1858 daAuts
  Lair:5: 1838 daAuts
Vaults:1: 1832 daAuts
Vaults:3: 1665 daAuts
    D:15: 1477 daAuts
Depths:2: 1438 daAuts
    D:12: 1390 daAuts
